[ AOE2 MATCH · #479305232 ]
Team RMItalians vs Bohemians
[ REPLAY ANALYSIS · EXTRACTED FROM THE RECORDED GAME ]
Feudal
—
Castle
—
Imperial
—
| APM avg | 13.5 |
| APM peak | 27 |
| eAPM avg | 7.7 |
| Villagers / military | 16 / 0 |
Focus
⚔️ 7.0% · 🌾 93.0%
Feudal
—
Castle
—
Imperial
—
| APM avg | 20.8 |
| APM peak | 28 |
| eAPM avg | 11.4 |
| Villagers / military | 9 / 0 |
Focus
⚔️ 23.5% · 🌾 76.5%
Feudal
—
Castle
—
Imperial
—
| APM avg | 17.1 |
| APM peak | 31 |
| eAPM avg | 7.9 |
| Villagers / military | 26 / 0 |
Focus
⚔️ 12.2% · 🌾 87.8%
Feudal
—
Castle
—
Imperial
—
| APM avg | 21.2 |
| APM peak | 27 |
| eAPM avg | 10.6 |
| Villagers / military | 10 / 0 |
Focus
⚔️ 15.2% · 🌾 84.8%
Match map
Initial resources + every placement click. Lines = walls · curves = elevation contours. ◆ gold · ⬟ stone · ● berries · ✦ relic · ◌ wall gap
Your base
LcudaFC's base
vserna.cas's base
METtofen's base
Smoothed initial terrain · ◌ = detected wall gap · hover for details
Inputs per minute
— Sklaci - - LcudaFC
Build order — Sklaci
21 actions detected in the replay
| 0:07 | Research | Loom |
| 0:08 | Create | Villager (Male) ×4 |
| 0:15 | Build | House |
| 0:50 | Build | Palisade Wall |
| 1:46 | Build | House |
| 1:47 | Build | House |
| 1:52 | Build | Outpost |
| 2:33 | Create | Villager (Male) |
| 2:50 | Create | Villager (Male) |
| 3:13 | Create | Villager (Male) |
| 3:45 | Create | Villager (Male) |
| 4:18 | Create | Villager (Male) |
| 4:34 | Create | Villager (Male) |
| 5:48 | Create | Villager (Male) |
| 5:48 | Create | Villager (Male) |
| 6:06 | Build | Mill |
| 6:12 | Create | Villager (Male) |
| 6:21 | Build | Dock |
| 7:35 | Create | Villager (Male) |
| 7:35 | Create | Villager (Male) |
| 7:36 | Create | Villager (Male) |
Build order — LcudaFC
12 actions detected in the replay
| 0:01 | Create | Villager (Male) ×4 |
| 0:03 | Build | House |
| 0:05 | Build | House |
| 0:07 | Research | Loom |
| 1:40 | Create | Villager (Male) |
| 1:40 | Create | Villager (Male) |
| 1:52 | Build | Palisade Wall |
| 1:55 | Build | Palisade Wall |
| 3:27 | Create | Villager (Male) |
| 4:39 | Create | Villager (Male) |
| 7:11 | Build | Palisade Wall |
| 7:27 | Create | Villager (Male) |
Build order — vserna.cas
39 actions detected in the replay
| 0:09 | Build | House |
| 0:14 | Create | Villager (Male) |
| 0:14 | Create | Villager (Male) |
| 0:14 | Create | Villager (Male) |
| 0:14 | Create | Villager (Male) |
| 0:15 | Create | Villager (Male) |
| 0:15 | Create | Villager (Male) |
| 1:39 | Build | Lumber Camp |
| 1:45 | Create | Villager (Male) |
| 1:45 | Create | Villager (Male) |
| 2:08 | Create | Villager (Male) |
| 2:08 | Create | Villager (Male) |
| 2:14 | Build | House |
| 2:33 | Create | Villager (Male) |
| 2:33 | Create | Villager (Male) |
| 3:32 | Build | Palisade Wall |
| 3:39 | Build | Palisade Gate |
| 3:44 | Build | Palisade Wall |
| 3:44 | Build | Palisade Wall |
| 3:54 | Create | Villager (Male) |
| 3:54 | Create | Villager (Male) |
| 3:54 | Create | Villager (Male) |
| 3:55 | Create | Villager (Male) |
| 4:32 | Create | Villager (Male) |
| 4:32 | Create | Villager (Male) |
| 5:06 | Build | Palisade Wall |
| 5:21 | Build | House |
| 5:30 | Create | Villager (Male) |
| 5:31 | Create | Villager (Male) |
| 5:31 | Create | Villager (Male) |
| 6:50 | Create | Villager (Male) |
| 6:50 | Create | Villager (Male) |
| 6:51 | Create | Villager (Male) |
| 7:02 | Build | Dock |
| 7:06 | Build | House |
| 7:06 | Build | House |
| 7:11 | Create | Villager (Male) |
| 7:11 | Create | Villager (Male) |
| 7:26 | Build | Mill |
Build order — METtofen
21 actions detected in the replay
| 0:05 | Create | Villager (Male) |
| 0:06 | Research | Loom |
| 0:06 | Create | Villager (Male) |
| 0:06 | Create | Villager (Male) |
| 0:06 | Create | Villager (Male) |
| 0:18 | Build | House |
| 0:36 | Create | Villager (Male) |
| 2:17 | Build | Palisade Wall |
| 2:46 | Create | Villager (Male) |
| 3:28 | Build | Palisade Wall |
| 4:29 | Build | Palisade Wall |
| 4:47 | Create | Villager (Male) |
| 5:34 | Build | House |
| 5:35 | Build | House |
| 5:44 | Build | House |
| 5:55 | Build | Palisade Wall |
| 6:01 | Build | House |
| 6:04 | Build | House |
| 6:27 | Create | Villager (Male) |
| 6:28 | Create | Villager (Male) |
| 7:42 | Create | Villager (Male) |
Match timeline
| 0:50 | Sklaci · wall_segment Palisade Wall x9 |
| 1:52 | LcudaFC · wall_segment Palisade Wall x11 |
| 1:55 | LcudaFC · wall_segment Palisade Wall x14 |
| 2:17 | METtofen · wall_segment Palisade Wall x17 |
| 3:28 | METtofen · wall_segment Palisade Wall x12 |
| 3:32 | vserna.cas · wall_segment Palisade Wall x5 |
| 3:44 | vserna.cas · wall_segment Palisade Wall x2 |
| 3:44 | vserna.cas · wall_segment Palisade Wall x1 |
| 4:29 | METtofen · wall_segment Palisade Wall x13 |
| 5:06 | vserna.cas · wall_segment Palisade Wall x1 |
| 5:55 | METtofen · wall_segment Palisade Wall x1 |
| 6:21 | Sklaci · first_building Dock |
| 7:02 | vserna.cas · first_building Dock |
| 7:11 | LcudaFC · wall_segment Palisade Wall x19 |
| 7:44 | LcudaFC · resign |
[ AI ANALYSIS · 1 CREDIT ]
What really happened in this match?
Wolo.gg analyzes every decision: build order, eco, micro, common mistakes by bracket. Personalized analysis on WhatsApp or Discord in 30 seconds.
Civ guide
Italians
Map guide
Black Forest
Perfil
Jugador #2559664